 Dungeon Crawl Stone Soup version 0.31-a0-408-gb642c7f9a3 (webtiles) character file.

Game seed: 3644349841537588953

263 truemonolith the Thaumaturge (level 5, 0/28 HPs)
             Began as a Deep Elf Conjurer on July 29, 2023.
             Was a Follower of Vehumet.
             Slain by Duvessa
             ... wielding a +0 rapier
              (6 damage)
             ... on level 4 of the Dungeon.
             The game lasted 00:12:16 (3295 turns).

truemonolith the Thaumaturge (Deep Elf Conjurer)    Turns: 3295, Time: 00:12:18

Health: 0/28       AC:  5    Str:  4    XL:     5   Next: 98%
Magic:  14/17      EV: 12    Int: 25    God:    Vehumet [*.....]
Gold:   239        SH:  0    Dex: 13    Spells: 19/20 levels left

rFire   . . .        s - +2 dagger (speed)
rCold   . . .        (no shield)
rNeg    . . .        a - +0 robe
rPois   .            (no helmet)
rElec   .            p - +0 cloak
rCorr   .            r - +0 pair of gloves
SInv    .            t - +0 pair of boots
Will    .....        (no amulet)
Stlth   ++           (no ring)
HPRegen 0.24/turn    (no ring)
MPRegen 0.15/turn

%: no passive effects
@: no status effects
A: no striking features
a: Renounce Religion


You were on level 4 of the Dungeon.
You worshipped Vehumet.
Vehumet was aware of your devotion.
You visited 1 branch of the dungeon, and saw 4 of its levels.

You collected 239 gold pieces.

Inventory:

Hand Weapons
 s - a +2 dagger of speed (weapon)
Armour
 a - a +0 robe (worn)
 p - a +0 cloak (worn)
 r - a +0 pair of gloves (worn)
 t - a +0 pair of boots (worn)
Talismans
 j - a beast talisman
Wands
 u - a wand of quicksilver (1)
Scrolls
 e - 4 scrolls of identify
 h - 2 scrolls of fog {unknown}
 i - a scroll of vulnerability {unknown}
 l - a scroll of amnesia {unknown}
 n - a scroll of enchant weapon {unknown}
 o - 3 scrolls of teleportation {unknown}
 q - a scroll of noise {unknown}
 v - a scroll of fear {unknown}
 x - a scroll of poison {unknown}
Potions
 b - a potion of magic
 c - 2 potions of attraction
 d - 2 potions of berserk rage {unknown}
 f - 2 potions of lignification {unknown}
 g - 2 potions of degeneration {unknown}
 k - 3 potions of curing {unknown}
 m - a potion of cancellation {unknown}
 w - a potion of heal wounds {unknown}
 z - a potion of brilliance {unknown}


   Skills:
 - Level 2.4 Dodging
 - Level 2.4 Stealth
 * Level 8.4 Spellcasting
 - Level 4.4 Conjurations


You had 19 spell levels left.
You knew the following spells:

 Your Spells              Type           Power      Damage    Failure   Level
a - Magic Dart            Conj           100%       1d8       1%          1

Your spell library contained the following spells:

 Spells                   Type           Power      Damage    Failure   Level
 Freeze                   Ice            40%        1d6       6%          1
 Searing Ray              Conj           64%        2d6       1%          2
 Foxfire                  Conj/Fire      84%        2x1d8     2%          1
 Apportation              Tloc           20%        N/A       6%          1
 Dazzling Flash           Conj/Hex       42%        N/A       7%          3
 Mephitic Cloud           Conj/Pois/Air  17%        N/A       10%         3
 Ozocubu's Armour         Ice            10%        N/A       17%         3
 Volatile Blastmotes      Fire/Tloc      20%        2d11      17%         3
 Fulminant Prism          Conj/Hex       10%        3d8       24%         4
 Iskenderun's Mystic Bla  Conj/Tloc      21%        2d6       24%         4
 Olgreb's Toxic Radiance  Pois           10%        N/A       50%         4
 Starburst                Conj/Fire      10%        6d5       98%         6
 Plasma Beam              Fire/Air       5%         2x1d15    100%        6
 Ozocubu's Refrigeration  Ice            5%         4d8       100%        7
 Disjunction              Tloc           5%         N/A       100%        8


Dungeon Overview and Level Annotations

Branches:
Dungeon (4/15)
 Temple: D:4-7

Altars:
Vehumet
Yredelemnul

Shops:
D:3 [

Annotations:
D:4 Duvessa


Message History

Aim: Duvessa, wielding a +0 rapier and wearing a +0 ring mail (berserk, 79% to hit)
The bolt of dispelling energy hits Duvessa!
Duvessa is lightly wounded.
Duvessa rages.
Aiming: Quicksilver Bolt
Press: ? - help, Shift-Dir - straight line, f/p - Duvessa
Aim: Duvessa, wielding a +0 rapier and wearing a +0 ring mail (lightly wounded, berserk, 79% to hit)
The bolt of dispelling energy hits Duvessa!
Duvessa is moderately wounded.
Casting: Magic Dart (safe; 1% risk of failure)
Confirm with . or Enter, or press ? or * to list all spells.
Aiming: Magic Dart (safe; 1% risk of failure)
Press: ? - help, Shift-Dir - straight line, f/p - Duvessa
Aim: Duvessa, wielding a +0 rapier and wearing a +0 ring mail (moderately wounded, berserk, 100% to hit)
The magic dart hits Duvessa.
Duvessa is heavily wounded.
Unknown command.
Casting: Magic Dart (safe; 1% risk of failure)
Confirm with . or Enter, or press ? or * to list all spells.
Aiming: Magic Dart (safe; 1% risk of failure)
Press: ? - help, Shift-Dir - straight line, f/p - Duvessa
Aim: Duvessa, wielding a +0 rapier and wearing a +0 ring mail (heavily wounded, berserk, 100% to hit)
The magic dart hits Duvessa!
Duvessa is heavily wounded.
Duvessa hits you with a +0 rapier! Duvessa hits you with a +0 rapier.
Casting: Magic Dart (safe; 1% risk of failure)
Confirm with . or Enter, or press ? or * to list all spells.
Aiming: Magic Dart (safe; 1% risk of failure)
Press: ? - help, Shift-Dir - straight line, f/p - Duvessa
Aim: Duvessa, wielding a +0 rapier and wearing a +0 ring mail (heavily wounded, berserk, 100% to hit)
The magic dart hits Duvessa but does no damage.
Duvessa is heavily wounded.
Duvessa hits you with a +0 rapier!
* * * LOW HITPOINT WARNING * * *
Aiming: Quicksilver Bolt
Press: ? - help, Shift-Dir - straight line, f/p - Duvessa
Aim: Duvessa, wielding a +0 rapier and wearing a +0 ring mail (heavily wounded, berserk, 79% to hit)
The bolt of dispelling energy misses Duvessa.
Duvessa hits you with a +0 rapier.
You die...

... #.. #.# ### #..# ##.#
#..## ##..### #.)####
###.....# #...#. .
###.......## #.##..
....#..e@.##...# ##...#.
.).......####..####....#.
........####......).#....
..<...### #.......###....
....## #.......## ###..
>.. #...##...# ### ..
#..# ##.## . ##. #.# #
#.#


You could see Duvessa (berserk).

Vanquished Creatures
  Dowan (D:4)
  An orc priest (D:4)
  An iguana (D:3)
  6 adders
  2 worms
  A dart slug (D:4)
  8 orcs
  8 bats
  7 endoplasms
  2 giant cockroaches (D:1)
  5 goblins
  10 hobgoblins
  5 quokkas
  14 ball pythons
  2 frilled lizards
  7 kobolds
  10 rats
90 creatures vanquished.

Notes
Turn   | Place    | Note
-------+----------+-------------------------------------------
     0 | D:1      | truemonolith the Deep Elf Conjurer began the quest for the
                  | Orb.
     0 | D:1      | Reached XP level 1. HP: 10/10 MP: 6/6
   131 | D:1      | Reached XP level 2. HP: 15/15 MP: 5/8
   135 | D:1      | Reached skill level 4 in Spellcasting
   690 | D:1      | Reached XP level 3. HP: 19/19 MP: 2/11
  1042 | D:2      | Reached skill level 5 in Spellcasting
  1357 | D:2      | You fall into a shaft and drop 2 floors!
  1403 | D:3      | Found a radiant altar of Vehumet.
  1478 | D:3      | Became a worshipper of Vehumet
  1502 | D:3      | Found a basalt altar of Yredelemnul.
  1590 | D:3      | Reached skill level 6 in Spellcasting
  1590 | D:3      | Reached XP level 4. HP: 11/24 MP: 0/14
  1979 | D:3      | Found Sayny's Armour Shop.
  2042 | D:3      | Got the Vademecum on Impurities and Orientation
  2726 | D:4      | Reached skill level 7 in Spellcasting
  2780 | D:4      | Reached XP level 5. HP: 28/28 MP: 13/16
  2821 | D:4      | Reached * piety under Vehumet
  2821 | D:4      | Offered knowledge of Freeze by Vehumet.
  3264 | D:4      | Reached skill level 8 in Spellcasting
  3286 | D:4      | Noticed Dowan
  3287 | D:4      | Noticed Duvessa
  3288 | D:4      | Killed Dowan
  3295 | D:4      | Slain by Duvessa

Illustrated notes

Levels and vault maps discovered:
D:1:      onia_arrival_handbag, layout_rooms, minivault_26,
          minmay_tiny_reverse_x
D:2:      layout_basic, minmay_heptomino_d4
D:3:      layout_rooms, lemuel_doored_altar, nicolae_vehumet_altar_sigil,
          serial_shops, shop
D:4:      layout_layer_cave, minmay_temple_entry_arrows, minmay_snake_closets,
          uniq_duvessa

Skill      XL: |  1  2  3  4  5 |
---------------+----------------+-----
Spellcasting   | 4 6 7 8 |  8.4
Dodging        | |  2.4
Stealth        | |  2.4
Conjurations   | |  4.4

Action                     |  1- 3 |  4- 6 || total
---------------------------+-------+-------++-------
  Melee: Unarmed           |     1 |       ||     1
         Dagger            |       |     1 ||     1
   Cast: Magic Dart        |    95 |    82 ||   177
  Evoke: Wand              |       |     6 ||     6
    Use: Scroll            |     1 |       ||     1
 Armour: Robe              |     7 |     2 ||     9
  Dodge: Dodged            |    16 |     7 ||    23

Table legend: (Time is in decaauts)
 A = Elapsed time spent in this place.
 B = Non-inter-level travel time spent in this place.
 C = Inter-level travel time spent in this place.
 D = Time resting spent in this place.
 E = Time spent auto-exploring this place.
 F = Levels seen in this place.
 G = Mean time per level.
                   A        B        C        D        E       F      G
               +--------+--------+--------+--------+--------+-----+--------+
         Total |   3295 |   3177 |    118 |    690 |   1742 |   4 |  823.8 |
       Dungeon |   3295 |   3177 |    118 |    690 |   1742 |   4 |  823.8 |
               +--------+--------+--------+--------+--------+-----+--------+

Top non-repeatable levels by time:
     D:1: 1036 daAuts
     D:3: 918 daAuts
     D:2: 713 daAuts
     D:4: 627 daAuts
